PUB
PHILADELPHIA ATHLETICS @ BRONX BOMBERS
06/18/1972
 
TOP OF THE 1ST
Philadelphia Athletics batting - Pitching for Bronx Bombers : LHP Meddur Siwazuri
Pitching: LHP Meddur Siwazuri
Batting: RHB Carl Plumer 0-0: Ball
1-0: Swinging Strike
1-1: Foul Ball, location: 2F
1-2: Ball
2-2: Ball
3-2: Strikes out swinging
Batting: LHB Graham Burch 0-0: Foul Ball, location: 2F
0-1: Foul Ball, location: 23F
0-2: Foul Ball, location: 7LSF
0-2: Ball
1-2: Foul Ball, location: 2F
1-2: Foul Ball, location: 2F
1-2: Fly out, F8 (Flyball, 8LD, EV 100.0 MPH)
Batting: RHB Bobby Bonds 0-0: Called Strike
0-1: Fly out, F8 (Flyball, 8LM, EV 90.0 MPH)
Top of the 1st over - 0 runs, 0 hits, 0 errors, 0 left on base; Philadelphia 0 - Bronx 0
BOTTOM OF THE 1ST
Bronx Bombers batting - Pitching for Philadelphia Athletics : LHP Aurelio Serrano
Pitching: LHP Aurelio Serrano
Batting: LHB Joe Warren 0-0: Ball
1-0: Ball
2-0: Foul Ball, location: 7LSF
2-1: Fly out, F9 (Flyball, 9, EV 80.0 MPH)
Batting: RHB José Rodríguez 0-0: Ball
1-0: Ground out 4-3 (Groundball, 4, EV 93.8 MPH)
Batting: RHB Domingo Mora 0-0: Called Strike
0-1: Ball
1-1: Ball
2-1: Ground out 4-3 (Groundball, 34D, EV 98.1 MPH)
Bottom of the 1st over - 0 runs, 0 hits, 0 errors, 0 left on base; Philadelphia 0 - Bronx 0
TOP OF THE 2ND
Philadelphia Athletics batting - Pitching for Bronx Bombers : LHP Meddur Siwazuri
Batting: RHB Reginald Smith 0-0: Called Strike
0-1: Swinging Strike
0-2: Ball
1-2: Foul Ball, location: 5DF
1-2: Foul Ball, location: 2F
1-2: Strikes out swinging
Batting: RHB Frank Harris 0-0: Ball
1-0: Ball
2-0: Called Strike
2-1: Ball
3-1: Ground out 5-3 (Groundball, 15, EV 83.8 MPH)
Batting: RHB Steve Garvey 0-0: Ball
1-0: Ground out 6-3 (Groundball, 6, EV 83.1 MPH)
Top of the 2nd over - 0 runs, 0 hits, 0 errors, 0 left on base; Philadelphia 0 - Bronx 0
BOTTOM OF THE 2ND
Bronx Bombers batting - Pitching for Philadelphia Athletics : LHP Aurelio Serrano
Batting: RHB Jeffery Reynolds 0-0: Ground out 6-3 (Groundball, 6, EV 87.5 MPH)
Batting: LHB Chris Gunter 0-0: Ball
1-0: Called Strike
1-1: Fly out, F9 (Flyball, 9, EV 91.3 MPH)
Batting: RHB Jim Wynn 0-0: Called Strike
0-1: Swinging Strike
0-2: Strikes out swinging
Bottom of the 2nd over - 0 runs, 0 hits, 0 errors, 0 left on base; Philadelphia 0 - Bronx 0
TOP OF THE 3RD
Philadelphia Athletics batting - Pitching for Bronx Bombers : LHP Meddur Siwazuri
Batting: RHB Fred Kendall 0-0: Foul Ball, location: 3F
0-1: Ball
1-1: Called Strike
1-2: Ball
2-2: Strikes out swinging
Batting: RHB António Gutiérrez 0-0: Called Strike
0-1: Ball
1-1: Swinging Strike
1-2: Foul Ball, location: 5FF
1-2: Strikes out swinging
Batting: LHB Aurelio Serrano 0-0: Called Strike
0-1: Ball
1-1: Called Strike
1-2: Foul Ball, location: 2F
1-2: Strikes out swinging
Top of the 3rd over - 0 runs, 0 hits, 0 errors, 0 left on base; Philadelphia 0 - Bronx 0
BOTTOM OF THE 3RD
Bronx Bombers batting - Pitching for Philadelphia Athletics : LHP Aurelio Serrano
Batting: RHB Juan Beniquez 0-0: Called Strike
0-1: Ball
1-1: Called Strike
1-2: Ball
2-2: Foul Ball, location: 23F
2-2: Ground out 6-3 (Groundball, 6, EV 89.4 MPH)
Batting: SHB Shane Webb 0-0: Foul Ball, location: 9LDF
0-1: Called Strike
0-2: Strikes out looking
Batting: LHB Meddur Siwazuri 0-0: Foul Ball, location: 2F
0-1: Foul Ball, location: 5DF
0-2: Ball
1-2: Foul Ball, location: 7LMF
1-2: Ball
2-2: Strikes out looking
Bottom of the 3rd over - 0 runs, 0 hits, 0 errors, 0 left on base; Philadelphia 0 - Bronx 0
TOP OF THE 4TH
Philadelphia Athletics batting - Pitching for Bronx Bombers : LHP Meddur Siwazuri
Batting: RHB Carl Plumer 0-0: Swinging Strike
0-1: Ball
1-1: Swinging Strike
1-2: Strikes out swinging
Batting: LHB Graham Burch 0-0: Called Strike
0-1: Ball
1-1: Swinging Strike
1-2: Ball
2-2: Foul Ball, location: 7LMF
2-2: Foul Ball, location: 2LF
2-2: Foul Ball, location: 25F
2-2: Strikes out swinging
Batting: RHB Bobby Bonds 0-0: Ball
1-0: Ground out 5-3 (Groundball, 56S, EV 95.0 MPH)
Top of the 4th over - 0 runs, 0 hits, 0 errors, 0 left on base; Philadelphia 0 - Bronx 0
BOTTOM OF THE 4TH
Bronx Bombers batting - Pitching for Philadelphia Athletics : LHP Aurelio Serrano
Batting: LHB Joe Warren 0-0: Called Strike
0-1: Foul Ball, location: 25F
0-2: DOUBLE (Groundball, 5L, EV 110.0 MPH)
Batting: RHB José Rodríguez 0-0: Ground out 6-3 (Groundball, 6, EV 82.5 MPH)
Joe Warren to third
Batting: RHB Domingo Mora 0-0: Fly out, F1 (Line Drive, P, EV 73.8 MPH)
Batting: RHB Jeffery Reynolds 0-0: Called Strike
0-1: Called Strike
0-2: Foul Ball, location: 5F
0-2: SINGLE (Groundball, 6MD, EV 101.3 MPH)
Joe Warren scores
Batting: LHB Chris Gunter 0-0: Called Strike
0-1: Ball
1-1: Ball
2-1: Ball
3-1: Foul Ball, location: 2F
3-2: Foul Ball, location: 23F
3-2: Foul Ball, location: 9LDF
3-2: Base on Balls
Jeffery Reynolds to second
Batting: RHB Jim Wynn 0-0: Ball
1-0: Swinging Strike
1-1: Ball
2-1: Ball
3-1: Base on Balls
Jeffery Reynolds to third
Chris Gunter to second
Batting: RHB Juan Beniquez 0-0: SINGLE (Line Drive, 6M, EV 106.3 MPH)
Jeffery Reynolds scores
Chris Gunter to third
Jim Wynn to second
Runner from 3rd tries for Home, SAFE, throw by CF to home
Batting: SHB Shane Webb 0-0: Ball
1-0: Called Strike
1-1: Swinging Strike
1-2: Foul Ball, location: 2F
1-2: Ball
2-2: Foul Ball, location: 3SF
2-2: Strikes out swinging
Bottom of the 4th over - 3 runs, 3 hits, 0 errors, 2 left on base; Philadelphia 0 - Bronx 3
TOP OF THE 5TH
Philadelphia Athletics batting - Pitching for Bronx Bombers : LHP Meddur Siwazuri
Batting: RHB Reginald Smith 0-0: Ball
1-0: Ball
2-0: Ground out 6-3 (Groundball, 6, EV 100.6 MPH)
Batting: RHB Frank Harris 0-0: Foul Ball, location: 3F
0-1: Foul Ball, location: 23FF
0-2: Ball
1-2: Ball
2-2: Ball
3-2: Base on Balls
Batting: RHB Steve Garvey 0-0: Called Strike
0-1: Swinging Strike
0-2: Ball
1-2: Ball
2-2: Strikes out swinging
Batting: RHB Fred Kendall 0-0: Ground out U3 (Groundball, 3S, EV 92.5 MPH)
Top of the 5th over - 0 runs, 0 hits, 0 errors, 1 left on base; Philadelphia 0 - Bronx 3
BOTTOM OF THE 5TH
Bronx Bombers batting - Pitching for Philadelphia Athletics : LHP Aurelio Serrano
Batting: LHB Meddur Siwazuri 0-0: Ball
1-0: Called Strike
1-1: Fly out, F9 (Line Drive, 9LS, EV 106.9 MPH)
Batting: LHB Joe Warren 0-0: Ground out 4-3 (Groundball, 4, EV 97.5 MPH)
Batting: RHB José Rodríguez 0-0: Ball
1-0: Ball
2-0: Called Strike
2-1: Fly out, F7 (Flyball, 7D, EV 100.6 MPH)
Bottom of the 5th over - 0 runs, 0 hits, 0 errors, 0 left on base; Philadelphia 0 - Bronx 3
TOP OF THE 6TH
Philadelphia Athletics batting - Pitching for Bronx Bombers : LHP Meddur Siwazuri
Batting: RHB António Gutiérrez 0-0: Foul Ball, location: 2F
0-1: Swinging Strike
0-2: Ball
1-2: Foul Ball, location: 25FF
1-2: Ball
2-2: Strikes out swinging
Batting: LHB Aurelio Serrano 0-0: Ball
1-0: Ball
2-0: Called Strike
2-1: Ball
3-1: Swinging Strike
3-2: Strikes out swinging
Batting: RHB Carl Plumer 0-0: Ball
1-0: Ball
2-0: Called Strike
2-1: SINGLE (Groundball, 56, EV 98.1 MPH)
Batting: LHB Graham Burch 0-0: Called Strike
0-1: Foul Ball, location: 2F
0-2: Fly out, F3 (Popup, 23F, EV 86.3 MPH)
Top of the 6th over - 0 runs, 1 hit, 0 errors, 1 left on base; Philadelphia 0 - Bronx 3
BOTTOM OF THE 6TH
Bronx Bombers batting - Pitching for Philadelphia Athletics : LHP Aurelio Serrano
Batting: RHB Domingo Mora 0-0: Ball
1-0: Fly out, F8 (Flyball, 8LD, EV 88.8 MPH)
Batting: RHB Jeffery Reynolds 0-0: Called Strike
0-1: Fly out, F8 (Flyball, 8LS, EV 86.9 MPH)
Batting: LHB Chris Gunter 0-0: Ball
1-0: Called Strike
1-1: Ball
2-1: Foul Ball, location: 2F
2-2: Ball
3-2: Fly out, F9 (Flyball, 89S, EV 82.5 MPH)
Bottom of the 6th over - 0 runs, 0 hits, 0 errors, 0 left on base; Philadelphia 0 - Bronx 3
TOP OF THE 7TH
Philadelphia Athletics batting - Pitching for Bronx Bombers : LHP Meddur Siwazuri
Batting: RHB Bobby Bonds 0-0: Ball
1-0: Ball
2-0: Ball
3-0: Base on Balls
Batting: RHB Reginald Smith 0-0: Called Strike
0-1: Swinging Strike
0-2: Ball
1-2: Ball
2-2: Foul Ball, location: 5FF
2-2: Strikes out swinging
Batting: RHB Frank Harris 0-0: Called Strike
Bobby Bonds is caught stealing 2nd base 2-4
0-1: Called Strike
0-2: Ball
1-2: Ball
2-2: Strikes out swinging
Top of the 7th over - 0 runs, 0 hits, 0 errors, 0 left on base; Philadelphia 0 - Bronx 3
BOTTOM OF THE 7TH
Bronx Bombers batting - Pitching for Philadelphia Athletics : LHP Aurelio Serrano
Batting: RHB Jim Wynn 0-0: Ball
1-0: Called Strike
1-1: Ball
2-1: Ground out 1-3 (Groundball, 15S, EV 72.5 MPH)
Batting: RHB Juan Beniquez 0-0: SINGLE (Line Drive, 7S, EV 101.9 MPH)
Batting: SHB Shane Webb 0-0: Ball
1-0: Fly out, F8 (Flyball, 8LM, EV 85.6 MPH)
Batting: LHB Meddur Siwazuri 0-0: Called Strike
0-1: Called Strike
0-2: SINGLE (Groundball, 34, EV 110.0 MPH)
Juan Beniquez to second
Runner from 2nd tries for 3rd, SAFE, throw by RF made to third
Batting: LHB Joe Warren 0-0: Fielders Choice at 2nd, 5-4 (Groundball, 56, EV 81.9 MPH)
Bottom of the 7th over - 0 runs, 2 hits, 0 errors, 2 left on base; Philadelphia 0 - Bronx 3
TOP OF THE 8TH
Philadelphia Athletics batting - Pitching for Bronx Bombers : LHP Meddur Siwazuri
Batting: RHB Steve Garvey 0-0: Ball
1-0: Ball
2-0: Ball
3-0: Called Strike
3-1: SINGLE (Groundball, 34D, EV 101.9 MPH)
Batting: RHB Fred Kendall 0-0: Foul Ball, location: 3FF
0-1: SINGLE (Groundball, 13, EV 88.1 MPH) (infield hit)
Steve Garvey to second
Pitching: RHP Pablo Guzmán
Pinch Hitting: LHB Chad Sanders 0-0: Ball
1-0: Called Strike
1-1: Ball
2-1: Fly out, F4 (Popup, 34S, EV 85.6 MPH)
Pinch Hitting: RHB Toby Harrah 0-0: Hit by Pitch
Steve Garvey to third
Fred Kendall to second
Batting: RHB Carl Plumer 0-0: Foul Ball, location: 2F
0-1: Ball
1-1: Grounds into fielders choice 4-2 (Groundball, 34, EV 103.1 MPH)
Fred Kendall to third
Toby Harrah to second
Batting: LHB Graham Burch 0-0: Ball
1-0: Called Strike
1-1: Ball
2-1: Foul Ball, location: 3F
2-2: Ball
3-2: Foul Ball, location: 25F
3-2: Strikes out looking
Top of the 8th over - 0 runs, 2 hits, 0 errors, 3 left on base; Philadelphia 0 - Bronx 3
BOTTOM OF THE 8TH
Bronx Bombers batting - Pitching for Philadelphia Athletics : LHP Aurelio Serrano
Pitching: RHP Gene Garber
Now at 2B: Toby Harrah
Pinch Hitting: LHB Ted Tappe 0-0: Foul Ball, location: 2F
0-1: Ball
1-1: Swinging Strike
1-2: Ground out 4-3 (Groundball, 4, EV 81.9 MPH)
Batting: RHB Domingo Mora 0-0: Ball
1-0: Ball
2-0: Called Strike
2-1: Ground out 5-3 (Groundball, 56S, EV 90.0 MPH)
Batting: RHB Jeffery Reynolds 0-0: Ball
1-0: Swinging Strike
1-1: Swinging Strike
1-2: Ball
2-2: Fly out, F7 (Flyball, 78M, EV 95.6 MPH)
Bottom of the 8th over - 0 runs, 0 hits, 0 errors, 0 left on base; Philadelphia 0 - Bronx 3
TOP OF THE 9TH
Philadelphia Athletics batting - Pitching for Bronx Bombers : RHP Pablo Guzmán
Now at 3B: Harrison Fluellen
Batting: RHB Bobby Bonds 0-0: Ball
1-0: Ball
2-0: Foul Ball, location: 2F
2-1: Ball
3-1: Foul Ball, location: 2F
3-2: Strikes out swinging
Batting: RHB Reginald Smith 0-0: Swinging Strike
0-1: Ball
1-1: Foul Ball, location: 5F
1-2: Strikes out swinging
Batting: RHB Frank Harris 0-0: Called Strike
0-1: Foul Ball, location: 7LDF
0-2: Ball
1-2: Ball
2-2: Ground out 6-3 (Groundball, 6, EV 80.0 MPH)
Top of the 9th over - 0 runs, 0 hits, 0 errors, 0 left on base; Philadelphia 0 - Bronx 3
Thursday, March 28th , 2024 - OOTP Baseball 24.8 Build 75